 Dungeon Crawl Stone Soup version 0.17-a0-1648-g0a089d4 (webtiles) character file.

374 urechis the Conjurer (level 6, -4/32 HPs)
             Began as a Gargoyle Wizard on Aug 12, 2015.
             Slain by an ogre
             ... wielding a cursed +0 giant spiked club
              (23 damage)
             ... on level 4 of the Dungeon.
             The game lasted 00:12:39 (3701 turns).

urechis the Conjurer (Gargoyle Wizard)              Turns: 3701, Time: 00:12:39

Health: -4/32      AC: 11    Str: 10    XL:     6   Next: 72%
Magic:  7/10       EV: 11    Int: 21    God:
Gold:   196        SH:  0    Dex:  8    Spells: 4 memorised, 3 levels left

rFire  + . .     SeeInvis .     q - +2 dagger (protect)
rCold  . . .     Clarity  .     a - +0 robe
rNeg   + . .     SustAt   .     (no shield)
rPois  ∞         Gourm    .     b - +0 hat
rElec  +         Spirit   .     (no cloak)
rCorr  +         Warding  .     (no gloves)
rMut   .         Stasis   .     (no boots)
MR     .....                    r - amulet of resist corrosion
Stlth  ++........               (no ring)
                                v - ring of protection from fire

@: repel missiles, not resistant to hostile enchantments, unstealthy
A: negative energy resistance 1, electricity resistance, unbreathing,
petrification resistance, rot immunity, AC +4
a: no special abilities


You were on level 4 of the Dungeon.
You were not hungry.

You visited 1 branch of the dungeon, and saw 4 of its levels.

You collected 196 gold pieces.

Inventory:

Hand weapons
 q - a +2 dagger of protection (weapon)
Armour
 a - a +0 robe (worn)
 b - a +0 hat (worn)
 n - the +6 scale mail of the Lonely Gods {SInv}
   (You found it on level 4 of the Dungeon)

   It lets you see invisible.
 y - a +2 buckler of protection
Jewellery
 r - an amulet of resist corrosion (around neck)
 v - a ring of protection from fire (left hand)
 x - an uncursed ring of teleportation
Magical devices
 l - a wand of enslavement (12)
 z - a wand of enslavement (9)
Scrolls
 e - a scroll of fear {unknown}
 g - 5 scrolls of identify {unknown}
 i - 6 scrolls of remove curse
 j - 4 scrolls of teleportation {unknown}
 k - a scroll of enchant weapon {unknown}
 m - a scroll of fog {unknown}
 o - a scroll of blinking {unknown}
Potions
 f - a potion of invisibility {unknown}
 h - 2 potions of brilliance {unknown}
 p - 2 potions of flight {unknown}
 s - a potion of resistance {unknown}
 t - a potion of poison {unknown}
 u - a potion of heal wounds {unknown}
Books
 c - a book of Minor Magic

   Spells                             Type                      Level
   a - Magic Dart                     Conjuration                  1
   b - Blink                          Translocation                2
   c - Call Imp                       Summoning                    2
   d - Repel Missiles                 Charms/Air                   2
   e - Slow                           Hexes                        2
   f - Conjure Flame                  Conjuration/Fire             3
   g - Mephitic Cloud                 Conjuration/Poison/Air       3
Comestibles
 d - 2 bread rations
 w - a meat ration


   Skills:
 - Level 1.5 Dodging
 - Level 2.1 Stealth
 + Level 1.0 Shields
 - Level 3.0 Spellcasting
 - Level 7.2 Conjurations
   Level 0.8 Summonings
 - Level 0.8 Translocations


You had 3 spell levels left.
You knew the following spells:

 Your Spells              Type           Power        Failure   Level  Hunger
a - Magic Dart            Conj           ####         1%          1    None
b - Blink                 Tloc           N/A          14%         2    ##.....
c - Mephitic Cloud        Conj/Pois/Air  ##......     17%         3    ###....
d - Repel Missiles        Chrm/Air       #.....       21%         2    ##.....


Dungeon Overview and Level Annotations

Branches:
Dungeon (4/15)
 Temple: D:4-7

Altars:
Nemelex Xobeh


Innate Abilities, Weirdness & Mutations

You are resistant to torment.
Your stone body is resilient (AC +4).
You are immune to poison.
You resist negative energy.
You are resistant to electric shocks.
You can survive without breathing.
You are immune to petrification.
You are immune to rotting.


Message History

You climb downwards.
The ogre hits you with a giant spiked club!
There is a stone staircase leading up here.
Casting: Magic Dart
Confirm with . or Enter, or press ? or * to list all spells.
Aiming: Mephitic Cloud
Press: ? - help, Shift-Dir - straight line, f - ogre
Aim: an ogre, wielding a giant spiked club (lightly wounded)
The ball explodes into a vile cloud!
The stinking cloud engulfs the ogre.
The ogre is lightly wounded.
The stinking cloud engulfs you!
The ogre is engulfed in noxious fumes.
The ogre barely misses you.
The ogre is engulfed in noxious fumes.
The ogre appears confused.
You hit the ogre.
The ogre is moderately wounded.
The ogre is engulfed in noxious fumes.
The ogre appears confused.
The ogre shouts, "What's happening?!"
The ogre hits you with a giant spiked club!!
Ouch! That really hurt!
You die...

....
#....###.#..........#.#.
#...................#.#.
#.....######........#.#.
#.....######.#.....##...
#...[..#.......##..##.).
#....#.#.##...<....##...
...##.##..<...#...........
#.....####...........#####
##.#.....@§§.........#
#.......§O#.........#
##.......)#.........#####
##..##..................
### #.....####.>#..###.
####..## ####..#### #....#
#.......# #....# #.......#
##..## #.......#


You could see an ogre (confused).

Vanquished Creatures
  A centaur (D:4)
  A centaur skeleton (D:4)
  2 hounds
  An orc wizard (D:3)
  An iguana (D:3)
  2 worker ants (D:4)
  A hound skeleton (D:4)
  3 adders
  2 worms
  4 giant geckos
  4 orcs (D:3)
  10 hobgoblins
  4 jackals (D:3)
  10 kobolds
  A quokka (D:2)
  A ball python (D:3)
  6 bats
  4 giant newts
  5 goblins
  10 rats
73 creatures vanquished.

Notes
Turn   | Place    | Note
--------------------------------------------------------------
     0 | D:1      | urechis the Gargoyle Wizard began the quest for the Orb.
     0 | D:1      | Reached XP level 1. HP: 10/10 MP: 4/4
   378 | D:1      | Reached XP level 2. HP: 15/15 MP: 4/6
   676 | D:1      | Reached XP level 3. HP: 19/19 MP: 5/7
  1179 | D:2      | Found a faded altar to an unknown god.
  1808 | D:3      | Reached skill level 4 in Conjurations
  1818 | D:3      | Reached XP level 4. HP: 20/24 MP: 8/8
  2135 | D:3      | Reached skill level 5 in Conjurations
  2345 | D:4      | Reached XP level 5. HP: 19/28 MP: 9/9
  2375 | D:4      | Got a twisted scale mail
  2386 | D:4      | Identified the +6 scale mail of the Lonely Gods {SInv} (You found it on level 4 of the Dungeon)
  2651 | D:4      | Found a sparkling altar of Nemelex Xobeh.
  2651 | D:4      | Noticed a centaur
  2884 | D:3      | Learned a level 2 spell: Blink
  2888 | D:3      | Learned a level 3 spell: Mephitic Cloud
  2891 | D:3      | Learned a level 2 spell: Repel Missiles
  2961 | D:4      | Killed a centaur
  2961 | D:4      | Reached skill level 6 in Conjurations
  2961 | D:4      | Reached XP level 6. HP: 9/32 MP: 5/10
  3381 | D:4      | Noticed an ogre
  3397 | D:4      | Noticed an ogre
  3420 | D:3      | Reached skill level 7 in Conjurations
  3664 | D:4      | Reached skill level 1 in Shields
  3701 | D:4      | Slain by an ogre

Vault maps used:
D:1:      mrwooster_arrival_statue_3
D:2:      ecumenical_altar_1, grunt_decor_one_mirror
D:3:      minmay_misc_feat_iff
D:4:      nemelex_deck, first_bread

Action                   |  1- 3 |  4- 6 || total
-------------------------+-------+-------++-------
Melee: Unarmed           |    17 |       ||    17
       Short sword       |    22 |       ||    22
       Long sword        |    34 |       ||    34
       Spear             |     4 |       ||     4
       Dagger            |       |   143 ||   143
 Cast: Magic Dart        |    45 |    63 ||   108
       Mephitic Cloud    |       |     6 ||     6
       Repel Missiles    |       |     1 ||     1
  Use: Scroll            |       |     1 ||     1
 Stab: Sleeping          |     1 |       ||     1
       Confused          |       |     1 ||     1
  Eat: Chunk             |     1 |     4 ||     5
       Royal jelly       |       |     2 ||     2
